 Dungeon Crawl Stone Soup version 0.24-a0-537-g2d01d4ab0a (webtiles) character file.

Game seed: 5430469353550707766

19693 DrKleor the Pandemonic (level 12, -1/84 HPs)
             Began as a Demonspawn Fighter on Aug 12, 2019.
             Was a High Priest of Makhleb.
             Slain by a minotaur
             ... wielding a +0 demon trident
              (23 damage)
             ... in a Gauntlet.
             The game lasted 00:54:14 (13550 turns).

DrKleor the Pandemonic (Demonspawn Fighter)        Turns: 13550, Time: 00:54:14

Health: -1/84      AC: 19    Str: 23    XL:     12   Next: 38%
Magic:  0/22       EV: 11    Int: 17    God:    Makhleb [*****.]
Gold:   823        SH: 14    Dex: 17    Spells: 11/11 levels left

rFire    + . .     SeeInvis .     - Unarmed
rCold    + . .     Gourm    .   b - +0 shield
rNeg     . . .     Faith    .   g - +0 gold dragon scales
rPois    +         Spirit   +   (helmet restricted)
rElec    .         Reflect  +   R - +0 cloak {MR+}
rCorr    .         Harm     .   (no gloves)
MR       +....     NoTele   +   (no boots)
Stlth    ..........             S - +4 amulet of reflection
HPRegen  0.24/turn              o - +2 ring of evasion
MPRegen  0.36/turn              i - +3 ring of strength

@: brilliant, agile, hasted, very quick
A: claws 2, hooves 1, horns 2, powered by death 1, magic shield, magic
regeneration
a: Minor Destruction, Lesser Servant of Makhleb, Major Destruction, Greater
Servant of Makhleb, Renounce Religion


You were in a Gauntlet.
You worshipped Makhleb.
Makhleb was extremely pleased with you.
You were not hungry.

You visited 2 branches of the dungeon, and saw 15 of its levels.
You also visited: Bailey and Gauntlet.

You collected 823 gold pieces.

Inventory:

Missiles
 O - 33 poisoned darts (quivered)
Armour
 b - a +0 shield (worn)
 g - +0 gold dragon scales (worn)
 R - a +0 cloak of magic resistance (worn)
Jewellery
 i - a +3 ring of strength (right claw)
 m - a +3 ring of strength
 o - a +2 ring of evasion (left claw)
 w - an uncursed ring of flight
 x - an uncursed ring of positive energy
 H - an uncursed ring of stealth {unknown}
 S - a +4 amulet of reflection (around neck)
Wands
 c - a wand of polymorph (17)
 n - a wand of clouds (8)
 q - a wand of scattershot (4)
 r - a wand of disintegration (17)
 v - a wand of flame (67)
 C - a wand of random effects (37)
 Q - a wand of enslavement (6)
Scrolls
 a - 2 scrolls of fog
 e - 4 scrolls of magic mapping
 k - a scroll of immolation {unknown}
 t - 6 scrolls of teleportation {unknown}
 y - 2 scrolls of blinking {unknown}
 A - 4 scrolls of remove curse
 F - 4 scrolls of fear {unknown}
 J - a scroll of amnesia {unknown}
 K - 5 scrolls of enchant armour {unknown}
 M - 2 scrolls of enchant weapon {unknown}
 N - a scroll of noise {unknown}
Potions
 f - a potion of mutation
 h - 7 potions of curing
 j - 3 potions of haste
 l - a potion of magic {unknown}
 p - a potion of heal wounds
 s - a potion of degeneration {unknown}
 u - 2 potions of flight {unknown}
 z - 3 potions of cancellation
 B - a potion of agility
 D - a potion of invisibility {unknown}
 E - 3 potions of brilliance
 L - a potion of lignification {unknown}
 P - 2 potions of experience {unknown}
Comestibles
 d - 21 rations


   Skills:
 + Level 4.6 Fighting
 - Level 11.0 Armour
 + Level 2.8 Dodging
 + Level 4.2 Shields
 + Level 11.2 Unarmed Combat
 + Level 13.4 Invocations


You had 11 spell levels left.
You didn't know any spells.
Your spell library contained the following spells:

 Spells                   Type           Power        Failure   Level  Hunger
 Confusing Touch          Hex            ##....       97%         1    ##.....
 Infusion                 Chrm           ##..         97%         1    ##.....
 Magic Dart               Conj           ##..         97%         1    ##.....
 Blink                    Tloc           N/A          99%         2    ###....
 Call Imp                 Summ           ##......     99%         2    ###....
 Shroud of Golubria       Chrm/Tloc      ##....       99%         2    ###....
 Slow                     Hex            ##......     99%         2    ###....
 Song of Slaying          Chrm           ##......     99%         2    ###....
 Confuse                  Hex            ##......     100%        3    ####...
 Conjure Flame            Conj/Fire      ##......     100%        3    ####...
 Dazzling Spray           Conj/Hex       ##....       100%        3    ####...
 Gell's Gravitas          Tloc           ##........   100%        3    ####...
 Mephitic Cloud           Conj/Pois/Air  ##......     100%        3    ####...
 Recall                   Summ/Tloc      N/A          100%        3    ####...
 Regeneration             Chrm/Necr      ##........   100%        3    ####...
 Spectral Weapon          Hex/Chrm       ##......     100%        3    ####...
 Summon Guardian Golem    Hex/Summ       ##......     100%        3    ####...
 Animate Dead             Necr           N/A          100%        4    #####..
 Cause Fear               Hex            ##........   100%        4    #####..
 Petrify                  Tmut/Erth      ##......     100%        4    #####..
 Borgnjor's Vile Clutch   Necr/Erth      ##........   100%        5    ######.
 Lee's Rapid Deconstruct  Erth           ##........   100%        5    ######.
 Metabolic Englaciation   Hex/Ice        ##........   100%        5    ######.
 Yara's Violent Unravell  Hex/Tmut       ##........   100%        5    ######.
 Death Channel            Necr           ##........   100%        6    #######
 Simulacrum               Ice/Necr       ##........   100%        6    #######


Dungeon Overview and Level Annotations

Branches:
Dungeon (14/15)            Temple (1/1) D:5            Lair (0/6) D:9
    Orc (0/2) D:10
 Vaults: D:13-14

Altars:
Ashenzari
Cheibriados
Dithmenos
Elyvilon
Fedhas
Gozag
Hepliaklqana
Kikubaaqudgha
Makhleb
Nemelex Xobeh
Okawaru
Qazlal
Ru
Sif Muna
Trog
Uskayaw
Vehumet
Wu Jian
Xom
Yredelemnul
Zin
The Shining One

Shops:
D:4 =   D:11 [

Annotations:
Gauntlet 10 transporters, 21 runed translucent doors


Innate Abilities, Weirdness & Mutations

You have very sharp fingernails.
You have large cloven feet.
You have a pair of horns on your head.
You regenerate a little health from kills.
When hurt, damage is shared between your health and your magic reserves.
You regenerate magic rapidly.


Message History

The minotaur hits you with a +0 demon trident!!
* * * LOW HITPOINT WARNING * * *
You block the minotaur's attack.
You feel much better.
A demon appears!
The minotaur hits you with a +0 demon trident.
The minotaur barely misses you.
You claw the minotaur!
You kick the minotaur, but do no damage.
You headbutt the minotaur, but do no damage.
The minotaur is moderately wounded.
The minotaur hits you with a +0 demon trident!!
* * * LOW HITPOINT WARNING * * *
You block the minotaur's attack.
You swap places.
Your cacodemon barely misses the minotaur.
The minotaur furiously retaliates!
The minotaur headbutts your cacodemon.
Your cacodemon hits the minotaur!
The minotaur hits you from afar with a +0 demon trident!!
You die...

##########.#########.########
#8# #≈...............≈# #8
### #8.8.8.8.8.8.8.8.8# ##
#≈.............§.§#
###.#.#######.#.###
#.#....#....#.#
#.#.##(#.##.#.#
#....2H(......#
#.#.@##'##..#.# #..#8.8#..#.#
....#...#....#
###8.#8.8#.8### ####[.[####
#8.8# #=.}#


You could see a minotaur and a friendly cacodemon.

Vanquished Creatures
  2 centaur warriors (D:13)
  A two-headed ogre (D:13)
  2 tengu warriors (D:14)
  A sixfirhy (Gauntlet)
  Pikel (D:5)
  3 ugly things (D:14)
  An orc knight (Bailey)
  A manticore (D:11)
  A deep elf mage (D:14)
  A cyclops (D:14)
  A centaur skeleton (D:13)
  5 trolls
  A harpy zombie (D:14)
  2 meliai (D:14)
  Prince Ribbit (D:6)
  A meliai zombie (D:14)
  2 hippogriffs
  Grinder (D:6)
  A ynoxinul (Gauntlet)
  Eustachio (D:5)
  A wraith (D:10)
  2 wyverns
  3 fire bats (Gauntlet)
  4 yaks (D:8)
  A basilisk (shapeshifter) (D:13)
  A hungry ghost (D:7)
  A soldier ant (D:13)
  An acid dragon (D:14)
  A hell hound (Gauntlet)
  17 orc warriors
  2 ice beasts
  3 sky beasts
  A hornet zombie (D:7)
  3 phantoms
  A slave (D:5)
  2 black bears
  A necrophage (D:8)
  2 centaurs
  2 eyes of draining
  8 ogres
  4 big kobolds
  3 bullfrogs
  A water moccasin zombie (D:7)
  4 scorpions
  A wyvern skeleton (D:7)
  11 killer bees (D:9)
  5 howler monkeys
  5 wights
  2 bullfrog zombies
  7 crimson imps
  3 hounds
  3 iron imps (Gauntlet)
  3 jellies
  2 orc priests
  7 orc wizards
  A bullfrog skeleton (D:6)
  3 iguanas
  Ijyb (D:3)
  8 worker ants
  A hound zombie (D:6)
  3 hound skeletons
  A worker ant zombie (D:6)
  12 adders
  17 gnolls
  A shadow imp (D:10)
  3 ufetubi (Gauntlet)
  2 oozes (D:1)
  An adder zombie (D:9)
  3 adder skeletons
  A dart slug (D:1)
  4 leopard geckos
  28 orcs
  A ball python (D:6)
  3 giant cockroaches
  19 goblins
  16 hobgoblins
  9 jackals
  7 quokkas
  4 bats
  5 frilled lizards
  25 kobolds
  A quokka zombie (D:6)
  6 rats
334 creatures vanquished.

Vanquished Creatures (collateral kills)
  An orc warlord (Bailey)
  A meliai (D:14)
  3 orcs (Bailey)
  2 goblins (Bailey)
  A hobgoblin (Bailey)
8 creatures vanquished.

Vanquished Creatures (others)
  Maurice (D:9)
  A human (D:14)
  A slave (D:6)
  A centaur (D:13)
  A kobold (D:8)
5 creatures vanquished.

Grand Total: 347 creatures vanquished

Notes
Turn   | Place    | Note
-------+----------+-------------------------------------------
     0 | D:1      | DrKleor the Demonspawn Fighter began the quest for the Orb.
     0 | D:1      | Reached XP level 1. HP: 18/18 MP: 1/1
   384 | D:1      | Gained mutation: You have sharp fingernails. [demonic
                  | ancestry]
   384 | D:1      | Reached XP level 2. HP: 14/24 MP: 2/2
  1178 | D:2      | Gained mutation: You regenerate a little health from kills.
                  | [demonic ancestry]
  1178 | D:2      | Reached XP level 3. HP: 29/29 MP: 3/3
  1225 | D:2      | Found a shadowy altar of Dithmenos.
  1490 | D:2      | Found a faded altar of an unknown god.
  1962 | D:2      | Reached XP level 4. HP: 5/35 MP: 4/4
  2834 | D:3      | Gained mutation: You have a pair of small horns on your
                  | head. [demonic ancestry]
  2834 | D:3      | Reached XP level 5. HP: 35/41 MP: 5/5
  2876 | D:3      | Noticed Ijyb
  2908 | D:3      | Killed Ijyb
  3151 | D:4      | Noticed an ogre
  3271 | D:4      | Noticed an ogre
  3280 | D:4      | Killed an ogre
  3280 | D:4      | Gained mutation: When hurt, damage is shared between your
                  | health and your magic reserves. [demonic ancestry]
  3280 | D:4      | Reached XP level 6. HP: 30/47 MP: 6/6
  3426 | D:4      | Reached skill level 5 in Armour
  3472 | D:4      | Found Hahi's Jewellery Emporium.
  3721 | D:4      | Gained mutation: You have a pair of horns on your head.
                  | [demonic ancestry]
  3721 | D:4      | Reached XP level 7. HP: 52/52 MP: 7/7
  3745 | D:4      | Found a stormy altar of Qazlal.
  3812 | D:4      | Reached skill level 5 in Unarmed Combat
  4054 | D:5      | Entered Level 5 of the Dungeon
  4383 | D:5      | Found a staircase to the Ecumenical Temple.
  4401 | Temple   | Entered the Ecumenical Temple
  4551 | Temple   | Became a worshipper of Makhleb the Destroyer
  4829 | D:5      | Reached skill level 1 in Invocations
  5021 | D:5      | Noticed a troll
  5033 | D:5      | Killed a troll
  5033 | D:5      | Reached skill level 2 in Invocations
  5453 | D:5      | Reached skill level 3 in Invocations
  5453 | D:5      | Gained mutation: You regenerate magic rapidly. [demonic
                  | ancestry]
  5453 | D:5      | Reached XP level 8. HP: 44/58 MP: 7/10
  5735 | D:6      | Noticed Pikel
  5780 | D:5      | Killed Pikel
  5780 | D:5      | Reached skill level 5 in Invocations
  5857 | D:6      | Noticed Eustachio
  5897 | D:5      | Killed Eustachio
  6083 | D:6      | Reached * piety under Makhleb
  6105 | D:6      | Reached skill level 6 in Invocations
  6106 | D:6      | Noticed Prince Ribbit
  6133 | D:6      | Killed Prince Ribbit
  6133 | D:6      | Gained mutation: You have very sharp fingernails. [demonic
                  | ancestry]
  6133 | D:6      | Reached XP level 9. HP: 43/63 MP: 9/13
  6217 | D:6      | Found a snail-covered altar of Cheibriados.
  6453 | D:6      | Found a glowing silver altar of Zin.
  6537 | D:6      | Identified Asutur's Handbook of the Enchanting Rocks
  6679 | D:6      | Noticed Grinder
  6682 | D:6      | Killed Grinder
  6773 | D:7      | Reached skill level 7 in Invocations
  7260 | D:7      | Reached skill level 8 in Invocations
  7564 | D:8      | Reached ** piety under Makhleb
  7589 | D:8      | Reached XP level 10. HP: 65/70 MP: 14/16
  7598 | D:8      | Reached skill level 9 in Invocations
  7656 | D:8      | Found a flagged portal.
  7678 | Bailey   | Entered a bailey
  7928 | Bailey   | Noticed an orc knight
  7945 | Bailey   | Killed an orc knight
  7978 | Bailey   | Reached *** piety under Makhleb
  8002 | Bailey   | Noticed an orc warlord
  8020 | Bailey   | Killed an orc warlord
  8020 | Bailey   | Reached skill level 10 in Invocations
  8050 | Bailey   | Identified the cursed +1 war axe of Eternal Vigilance
                  | {drain, -Tele Dex+6}
  8463 | D:8      | Reached skill level 11 in Invocations
  8948 | D:9      | Found a blossoming altar of Fedhas.
  8954 | D:9      | Found a sacrificial altar of Ru.
  8971 | D:9      | Reached **** piety under Makhleb
  8989 | D:9      | Found a shimmering altar of Xom.
  8993 | D:9      | Found a staircase to the Lair.
  9026 | D:9      | Gained mutation: You have large cloven feet. [demonic
                  | ancestry]
  9026 | D:9      | Reached XP level 11. HP: 72/74 MP: 19/19
  9067 | D:9      | Found an ancient bone altar of Kikubaaqudgha.
  9143 | D:9      | Reached skill level 10 in Armour
  9342 | D:9      | Noticed Maurice
  9351 | D:9      | Killed Maurice
  9958 | D:9      | Reached skill level 10 in Unarmed Combat
 10081 | D:10     | Entered Level 10 of the Dungeon
 10346 | D:10     | Reached ***** piety under Makhleb
 10391 | D:10     | Found a sacrificial altar of Ru.
 10624 | D:10     | Found a staircase to the Orcish Mines.
 11121 | D:11     | Found Dousisyb's Specialty Armours.
 11562 | D:11     | You fall into a shaft and drop 3 floors!
 11579 | D:14     | Reached skill level 12 in Invocations
 11732 | D:13     | Noticed a centaur warrior
 11737 | D:13     | Noticed a centaur warrior
 11738 | D:13     | Noticed a centaur warrior
 11896 | D:14     | Noticed a white ugly thing
 11896 | D:14     | Noticed a white ugly thing
 11896 | D:14     | Noticed a white ugly thing
 11909 | D:14     | Killed a white ugly thing
 11915 | D:14     | Killed a green ugly thing
 11916 | D:14     | Killed a cyan ugly thing
 12059 | D:14     | Noticed a tengu warrior
 12072 | D:14     | Killed a tengu warrior
 12106 | D:14     | Noticed a deep elf mage
 12122 | D:14     | Killed a deep elf mage
 12334 | D:14     | Noticed a tengu warrior
 12361 | D:14     | Killed a tengu warrior
 12361 | D:14     | Reached skill level 1 in Dodging
 12487 | D:14     | Reached XP level 12. HP: 80/81 MP: 19/21
 12510 | D:13     | Reached skill level 13 in Invocations
 12523 | D:13     | Noticed a two-headed ogre
 12534 | D:13     | Killed a two-headed ogre
 12614 | D:13     | Killed a centaur warrior
 12661 | D:13     | Killed a centaur warrior
 12712 | D:12     | Found a gate leading to a gauntlet.
 12717 | Gauntlet | Entered a Gauntlet
 12717 | Gauntlet | Found a transporter.
 12717 | Gauntlet | Found a transporter.
 12721 | Gauntlet | Found a transporter.
 12721 | Gauntlet | Found a transporter.
 12728 | Gauntlet | Found a transporter.
 12747 | Gauntlet | Found a transporter.
 12751 | Gauntlet | Found a transporter.
 12753 | Gauntlet | Found a large runed translucent door.
 12754 | Gauntlet | Found a large runed translucent door.
 12755 | Gauntlet | Found a large runed translucent door.
 12756 | Gauntlet | Found a large runed translucent door.
 12757 | Gauntlet | Found a large runed translucent door.
 12757 | Gauntlet | Found a large runed translucent door.
 12757 | Gauntlet | Found a runed translucent gate.
 12757 | Gauntlet | Found a runed translucent door.
 12758 | Gauntlet | Found a large runed translucent door.
 12758 | Gauntlet | Found a transporter.
 12758 | Gauntlet | Found a runed translucent gate.
 12758 | Gauntlet | Found a transporter.
 12758 | Gauntlet | Noticed a death yak
 12759 | Gauntlet | Found a large runed translucent door.
 12759 | Gauntlet | Found a runed translucent gate.
 12759 | Gauntlet | Found a runed translucent door.
 12759 | Gauntlet | Noticed a death yak
 12759 | Gauntlet | Noticed a death yak
 12760 | Gauntlet | Noticed a death yak
 12761 | Gauntlet | Found a transporter.
 12762 | Gauntlet | Noticed a death yak
 12768 | Gauntlet | Found a large runed translucent door.
 12768 | Gauntlet | Found a large runed translucent door.
 12769 | Gauntlet | Found a large runed translucent door.
 12770 | Gauntlet | Found a large runed translucent door.
 12780 | Gauntlet | Found a large runed translucent door.
 12780 | Gauntlet | Found a large runed translucent door.
 12820 | Gauntlet | Found a transporter.
 12852 | Gauntlet | Found a transporter.
 12900 | Gauntlet | Found a transporter.
 12914 | Gauntlet | Found a transporter.
 13026 | Gauntlet | Found a transporter.
 13041 | Gauntlet | Found a transporter.
 13058 | Gauntlet | Found a large runed translucent door.
 13059 | Gauntlet | Found a large runed translucent door.
 13532 | Gauntlet | Noticed a minotaur
 13550 | Gauntlet | Slain by a minotaur

Levels and vault maps discovered:
D:1:      dpeg_arrival_line_fractal, layout_basic
D:2:      layout_rooms, chequers_ecumenical_altar_simple_redux,
          nicolae_dithmenos_shadow_blocks
D:3:      layout_rooms, uniq_ijyb
D:4:      layout_basic, marbit_many_paths, serial_shops, nicolae_shop_trees,
          first_ration
D:5:      layout_basic, minmay_temple_entry_gardened_gates
D:6:      layout_gridville, lemuel_round_altar, lemuel_round_altar,
          uniq_prince_ribbit1, uniq_eustachio, uniq_grinder, uniq_pikel
D:7:      layout_basic, grunt_ogre_cave, kennysheep_generic_room_16
D:8:      layout_basic, enter_bailey_2
D:9:      layout_stronghold, nicolae_overflow_quartered_altars,
          lair_entry_dummy, kennysheep_generic_room_2, uniq_maurice
D:10:     layout_basic, orc_0_dummy, nicolae_ru_path_of_blood
D:11:     layout_irregular_city, nicolae_barding_shop
D:12:     layout_loops_ring, gauntlet_entry_generic
D:13:     layout_cave_pools, corexii_hall_statues_s, kennysheep_potato
D:14:     layout_roguey, ximxim_vaults_locker_room, minmay_door_square,
          wad_dig_loot
Temple:   minmay_temple_curvy_branch
Gauntlet: gammafunk_gauntlet_branching [nicolae_gauntlet_arena_t_cross,
          gammafunk_gauntlet_arena_grid, gammafunk_gauntlet_arena_crates,
          gammafunk_gauntlet_arena_chambers,
          nicolae_gauntlet_arena_flowing_pool, gammafunk_gauntlet_arena_corners,
          gammafunk_gauntlet_arena_teeth,
          minmay_gauntlet_arena_make_your_own_arena,
          nicolae_gauntlet_exit_dead_adventurers]

Skill      XL: |  1  2  3  4  5  6  7  8  9 10 11 12 |
---------------+-------------------------------------+-----
Unarmed Combat | 2 3 4 6 7 8 9 10 11 | 11.2
Armour         | 3 4 5 6 7 8 9 11 | 11.0
Invocations    | 3 6 8 11 12 13 | 13.4
Shields        | 3 4 |  4.2
Dodging        | 1 2 |  2.8
Fighting       | 4 |  4.6

Action                   |  1- 3 |  4- 6 |  7- 9 | 10-12 || total
-------------------------+-------+-------+-------+-------++-------
Melee: Unarmed           |   192 |   173 |   371 |   805 ||  1541
       Headbutt          |       |    15 |    67 |   147 ||   229
       Kick              |       |       |       |   146 ||   146
Throw: Dart              |       |       |       |     1 ||     1
Invok: Minor Destruction |       |       |       |     4 ||     4
       Lesser Servant of |       |       |       |     1 ||     1
       Major Destruction |       |       |       |     2 ||     2
       Greater Servant o |       |       |       |     2 ||     2
Evoke: Wand              |       |       |     1 |     3 ||     4
  Use: Potion            |       |     1 |     1 |     9 ||    11
       Scroll            |       |       |     6 |     4 ||    10
 Stab: Distracted        |       |       |       |     2 ||     2
       Confused          |       |       |       |     2 ||     2
  Eat: Chunk             |     2 |     7 |    13 |    14 ||    36
       Ration            |       |       |       |     2 ||     2
Armor: Scale mail        |     8 |       |       |       ||     8
       Gold dragon scale |   100 |    69 |   169 |   450 ||   788
Dodge: Dodged            |    12 |     4 |    13 |   125 ||   154
Block: Shield            |    76 |    92 |   168 |   508 ||   844
       Reflection        |       |     1 |     1 |    14 ||    16

Table legend:
 A = Non-vault XP
 B = Vault XP
 C = Vault XP percentage of total XP
 D = Non-vault monster count
 E = Vault monster count
 F = Vault count percentage of total count
                 A         B        C        D         E       F
            +---------+---------+-------+---------+---------+-------
      Total |   20248 |    7886 |  28.0 |     248 |      96 |  27.9
            +---------+---------+-------+---------+---------+-------
        D:1 |      37 |       0 |   0.0 |      18 |       0 |   0.0
        D:2 |      99 |       0 |   0.0 |      19 |       0 |   0.0
        D:3 |      82 |      36 |  30.5 |      16 |       1 |   5.9
        D:4 |     578 |       0 |   0.0 |      16 |       0 |   0.0
        D:5 |     735 |     884 |  54.6 |      12 |       2 |  14.3
        D:6 |     630 |     386 |  38.0 |      18 |       2 |  10.0
        D:7 |    1091 |     413 |  27.5 |      10 |       4 |  28.6
        D:8 |    2137 |       0 |   0.0 |      33 |       0 |   0.0
        D:9 |    2141 |     386 |  15.3 |      45 |       3 |   6.2
       D:10 |     982 |       0 |   0.0 |      18 |       0 |   0.0
       D:11 |    1119 |     115 |   9.3 |       4 |       1 |  20.0
       D:13 |    4483 |       0 |   0.0 |      12 |       0 |   0.0
       D:14 |    6134 |      73 |   1.2 |      27 |       2 |   6.9
     Bailey |       0 |    3681 | 100.0 |       0 |      69 | 100.0
   Gauntlet |       0 |    1912 | 100.0 |       0 |      12 | 100.0
            +---------+---------+-------+---------+---------+-------
